 Dungeon Crawl Stone Soup version 0.17.1-3-g152610e (webtiles) character file.

94 Galthrax the Ruffian (level 4, -3/29 HPs)
             Began as a Gargoyle Monk on Mar 28, 2016.
             Was a Believer of Ashenzari.
             Killed from afar by an orc wizard (5 damage)
             ... with a magic dart
             ... on level 3 of the Dungeon.
             The game lasted 00:11:10 (2339 turns).

Galthrax the Ruffian (Gargoyle Monk)                Turns: 2339, Time: 00:11:10

Health: -3/29      AC:  6    Str: 15    XL:     4   Next: 63%
Magic:  4/4        EV: 13    Int: 11    God:    Ashenzari [**....]
Gold:   128        SH:  0    Dex: 12    Spells: 0 memorised, 3 levels left

rFire  . . .     SeeInvis .       - Unarmed
rCold  . . .     Clarity  .     w - +0 robe (curse)
rNeg   + . .     SustAt   .     (no shield)
rPois  ∞         Gourm    .     (no helmet)
rElec  +         Spirit   .     o - +0 cloak
rCorr  .         Warding  .     (no gloves)
rMut   .         Rnd*Tele +     (no boots)
MR     .....                    (no amulet)
Stlth  ++........               (no ring)
                                m - ring of teleportation (curse)

@: not resistant to hostile enchantments, unstealthy
A: negative energy resistance 1, electricity resistance, unbreathing,
petrification resistance, rot immunity, AC +3
a: Scrying, Renounce Religion, Evoke Teleportation


You were on level 3 of the Dungeon.
You worshipped Ashenzari.
Ashenzari was pleased with you.
You were not hungry.

You visited 1 branch of the dungeon, and saw 3 of its levels.

You collected 128 gold pieces.

Inventory:

Hand Weapons
 e - a +0 hunting sling
 i - a +0 short sword
Missiles
 s - 8 poisoned needles
Armour
 a - a +0 robe
 d - a +0 robe
 o - a +0 cloak (worn)
 w - a cursed +0 robe (worn)
Jewellery
 m - a cursed ring of teleportation (left hand)
Scrolls
 h - a scroll of remove curse
 j - 2 scrolls of identify {unknown}
 k - a scroll of noise {unknown}
 q - a scroll of teleportation {unknown}
 v - a scroll of random uselessness {unknown}
 x - a scroll of fog {unknown}
Potions
 f - a potion of lignification {unknown}
 g - a potion of degeneration {unknown}
 l - a potion of curing {unknown}
 n - 3 potions of flight {unknown}
 p - a potion of cancellation {unknown}
 u - 2 potions of might {unknown}
Comestibles
 b - 2 bread rations
 c - 3 meat rations
 r - a beef jerky
 t - 5 chunks of flesh


   Skills:
 + Level 4.0 Fighting
 + Level 3.2 Dodging
 + Level 2.3 Stealth
 + Level 4.8 Unarmed Combat


You had 3 spell levels left.
You didn't know any spells.

Dungeon Overview and Level Annotations

Branches:
Dungeon (3/15)

Altars:
Ashenzari
Elyvilon
Kikubaaqudgha
Makhleb
Xom
The Shining One


Innate Abilities, Weirdness & Mutations

You are resistant to torment.
Your stone body is resilient (AC +3).
You are immune to poison.
You resist negative energy.
You are resistant to electric shocks.
You can survive without breathing.
You are immune to petrification.
You are immune to rotting.


Message History

Your Dodging skill increases to level 3!
The orc completely misses you. The orc barely misses you.
You punch the orc!
The orc is severely wounded.
The orc hits you with a hand axe. The orc hits you but does no damage.
The orc hits you with a club.
You hit the orc.
The orc is almost dead.
The orc closely misses you. The orc barely misses you.
You barely miss the orc.
The orc is almost dead.
The orc wizard gestures at you while chanting.
The magic dart hits you! The orc misses you.
The orc hits you but does no damage. The orc completely misses you.
The orc wizard points at you and mumbles some strange words.
The magic dart hits you!
* * * LOW HITPOINT WARNING * * *
The orc wizard points at you and mumbles some strange words.
The magic dart hits you!
You die...

* ≈,* #.....)....
#.........# ,≈
#############.........#
###.....................+
###............############
#..............# ###
#..............#########...
#......................#...
#.........@............#...
........o..##..............
........oo.##..............
......).o..##.....<........
...........##....>.........
*
...........##..........#...
,
...........##..........#...
...........##.............(
......#######..............


You could see an orc wizard and 3 orcs.

Vanquished Creatures
  An orc priest (D:3)
  A gnoll (D:1)
  An adder (D:3)
  An ooze (D:1)
  A worm (D:2)
  2 giant geckos (D:2)
  2 ball pythons
  3 goblins
  5 hobgoblins (D:1)
  6 bats
  5 giant cockroaches
  A giant newt (D:2)
  9 kobolds
  4 rats
  2 plants (D:2)
44 creatures vanquished.

Notes
Turn   | Place    | Note
--------------------------------------------------------------
     0 | D:1      | Galthrax the Gargoyle Monk began the quest for the Orb.
     0 | D:1      | Reached XP level 1. HP: 14/14 MP: 1/1
   293 | D:1      | Reached XP level 2. HP: 19/19 MP: 2/2
   843 | D:1      | Reached XP level 3. HP: 23/23 MP: 3/3
  1555 | D:2      | Found a white marble altar of Elyvilon.
  1557 | D:2      | Found an ancient bone altar of Kikubaaqudgha.
  1557 | D:2      | Found a shattered altar of Ashenzari.
  1558 | D:2      | Found a shimmering altar of Xom.
  1558 | D:2      | Found a glowing golden altar of the Shining One.
  1565 | D:2      | Found a faded altar to an unknown god.
  1631 | D:2      | Became a worshipper of Ashenzari the Shackled
  1631 | D:2      | Reached * piety under Ashenzari
  1631 | D:2      | Reached ** piety under Ashenzari
  1899 | D:2      | Found a burning altar of Makhleb.
  2163 | D:3      | Reached XP level 4. HP: 29/29 MP: 4/4
  2339 | D:3      | Killed from afar by an orc wizard

Action                   |  1- 3 |  4- 6 || total
-------------------------+-------+-------++-------
Melee: Unarmed           |   197 |    37 ||   234
 Stab: Sleeping          |     2 |       ||     2
  Eat: Bread ration      |     1 |       ||     1
